[Event "Late-Titled-Tuesday-Blitz-June-18-2024"]
[Site "Chess.com"]
[Date "2024.06.18"]
[Round "7"]
[White "HouseOfDurin"]
[Black "K-Nygren"]
[Result "0-1"]
[WhiteElo "2347"]
[BlackElo "2542"]
[TimeControl "180+1"]
[EndTime "15:20:52 PDT"]
[Termination "K-Nygren won by checkmate"]

1. d4 d5 2. Bg5 c5 3. c3 Nc6 4. e3 Bf5 5. Bd3 Bxd3 6. Qxd3 f6 7. Bh4 Qb6 8. Nd2 O-O-O 9. dxc5 Qxc5 10. Qf5+ Kb8 11.
Qe6 Ne5 12. Bg3 Rd6 13. Bxe5 fxe5 14. Qxe5 Nf6 15. O-O-O Ka8 16. Nb3 Qc8 17. Nf3 Ra6 18. Kb1 e6 19. Ng5 Qd7 20. e4 Qa4 21. Nc1 Bd6 22. Qd4 Qb5 23. e5 Ba3 24. Nb3 Nd7 25.
bxa3 Rxa3 26. Nxe6 Rxb3+ 27. axb3 Qxb3+ 28. Kc1 Rc8 29. Rd3 Nb6 30. Kd2 Nc4+ 31. Ke2 Qc2+ 32. Kf3 Nxe5+ 33. Qxe5 Qxd3+ 34. Qe3 Qf5+ 35. Nf4 g5 36. Rc1 gxf4 37. Qxf4 Qd3+ 38. Qe3 Rf8+ 39. Kg3 Qg6+ 40. Kh3 Qh5+ 41. Kg3 Rg8+ 42. Kf4 Qg4+ 43. Ke5 Re8+ 44. Kxd5 Qd7+ 45. Kc4 Rxe3 46. fxe3 Qe6+ 47.
Kd3 Qg6+ 48. Kd4 Qd6+ 49. Kc4 a6 50. e4 Qf4 51. Re1 Qd2 52. Ra1 b5+ 53. Kb3 Kb7 54. Ra2 Qd1+ 55. Ka3 Qa4+ 56. Kb2 Qxe4 57. Kb3 Qd5+ 58.
Kb2 Qxg2+ 59. Ka3 Qd5 60. Kb2 Kb6 61. Ra1 Qd2+ 62. Kb3 a5 63. Rxa5 Kxa5 64. c4 Qd3+ 65. Kb2 bxc4 66. h4 Kb4 67. Kc1 Kc3 68. h5 Qc2# 0-1

[Event "Late-Titled-Tuesday-Blitz-June-18-2024"]
[Site "Chess.com"]
[Date "2024.06.18"]
[Round "7"]
[White "KaydenTroffChess"]
[Black "EmmaChess"]
[Result "1/2-1/2"]
[WhiteElo "2802"]
[BlackElo "2644"]
[TimeControl "180+1"]
[EndTime "15:21:06 PDT"]
[Termination "Game drawn - insufficient material"]

1. d4 d6 2. Nf3 Nf6 3. Bg5 Nbd7 4. e3 e5 5. Nbd2 Be7 6. Bd3 h6 7. Bh4 O-O 8. c3 b6 9. Qc2 Bb7 10. O-O-O Re8 11. dxe5 dxe5 12. Bf5 Nd5 13. Bg3 Bd6 14. Nc4 Qe7 15. Bxd7 Qxd7 16. Nfxe5 Bxe5 17. Nxe5 Qe7 18.
Qf5 f6 19. Ng4 Nxc3 20. Nxh6+ gxh6 21. Qg6+ Kf8 22. Qxh6+ Kg8 23. Qg6+ Kf8 24. Qh6+ Kg8 25. Rd4 Ne2+ 26. Kb1 Be4+ 27. Rxe4 Qxe4+ 28. Ka1 Rad8 29. Qxf6 Rd7 30. Qg5+ Rg7 31. Qh5 Rd8 32. Qxe2 Qxg2 33. Rb1 Qe4 34. Rc1 Rgd7 35. a3 Rd2 36. Qc4+ Qxc4 37.
Rxc4 Rd1+ 38. Ka2 c5 39. Rg4+ Kf7 40. Rf4+ Ke6 41. Re4+ Kf5 42. Re7 R8d7 43. Re5+ Kg4 44. Re4+ Kf3 45. Rf4+ Kg2 46. e4 R1d2 47. e5 Re2 48.
Rg4 Kf1 49. Bf4 Rd4 50. Rh4 Rxe5 51. Bg3 Rxh4 52. Bxh4 Kg2 53. Bg3 Re2 54. Kb3 b5 55. Kc3 a5 56. Bd6 c4 57. Bg3 Kf3 58. Bc7 a4 59.
Bg3 Re4 60. h4 Re6 61. Kb4 Re2 62. Kxb5 Rxb2+ 63. Kxc4 Rb3 64. Bd6 Kxf2 65. h5 Rh3 66. Kb4 Rxh5 67. Kxa4 Ke3 68. Kb4 Kd4 69. a4 Kd5 70. Bc7 Kc6 71. Bg3 Rg5 72. Bf2 Rf5 73. Bd4 Rd5 74. Kc4 Ra5 75. Kb4 Rd5 76. Kc4 Rd8 77.
a5 Kb7 78. Bb6 Rd1 79. Kb5 Rb1+ 80. Kc4 Ka6 81. Kc3 Rxb6 82. axb6 Kxb6 1/2-1/2

[Event "Late-Titled-Tuesday-Blitz-June-18-2024"]
[Site "Chess.com"]
[Date "2024.06.18"]
[Round "7"]
[White "Masterisback04"]
[Black "esskeettit"]
[Result "1/2-1/2"]
[WhiteElo "2136"]
[BlackElo "2514"]
[TimeControl "180+1"]
[EndTime "15:21:07 PDT"]
[Termination "Game drawn - insufficient material"]

1. e4 c5 2. Nf3 Nc6 3. d4 cxd4 4. Nxd4 g6 5. Nc3 Bg7 6. Be3 Nf6 7. Be2 O-O 8. O-O d5 9. exd5 Nxd5 10. Nxd5 Qxd5 11. Bf3 Qc4 12. Nxc6 bxc6 13. b3 Qc3 14. Rb1 Bf5 15. Rc1 Rfd8 16. Qe2 a5 17. a4 Rac8 18. h3 e5 19. Bg4 Bxg4 20. hxg4 e4 21. Qa6 Qe5 22. Bb6 Ra8 23. Qe2 Rdb8 24. Be3 Qe6 25. Rcd1 Rd8 26. Bb6 Rdb8 27. Be3 Be5 28. Bd4 Bd6 29. Rfe1 Re8 30. Ba1 Bc7 31. Rd4 f5 32. gxf5 gxf5 33. Qh5 Be5 34. Qg5+ Qg6 35. Qxg6+ hxg6 36. Rc4 Bxa1 37. Rxa1 Re6 38. Rd1 Kf7 39. Rd7+ Kf6 40. g3 Ra6 41. Rc5 e3 42. fxe3 Rxe3 43. Kf2 Re6 44. Rb7 Rd6 45.
Rc7 Ke6 46. Ke3 g5 47. Kf3 g4+ 48. Kf4 Kf6 49. c3 Re6 50. Rc4 Kg6 51. Rc8 Rd6 52. Rg8+ Kf7 53. Rh8 Rd3 54. Kxf5 Rxg3 55. Rh7+ Kg8 56. Rc7 Rf3+ 57. Kg6 c5+ 58. Kg5 g3 59. Rh4 Re6 60. Rg4 Re5+ 61. Kh4+ Kf8 62. Rxg3 Re4+ 63. Rg4 Rxg4+ 64. Kxg4 Rxc3 65. Kf5 Ke8 66. Ke6 Kd8 67. Rc6 Rxb3 68. Rxc5 Rb4 69. Rxa5 Kc7 70. Kd5 Kb6 71. Rb5+ Rxb5+ 72. axb5 Kxb5 1/2-1/2

[Event "Late-Titled-Tuesday-Blitz-June-18-2024"]
[Site "Chess.com"]
[Date "2024.06.18"]
[Round "7"]
[White "LoonsDeKoeben"]
[Black "bob1263"]
[Result "0-1"]
[WhiteElo "2407"]
[BlackElo "2519"]
[TimeControl "180+1"]
[EndTime "15:21:07 PDT"]
[Termination "bob1263 won by checkmate"]

1. Nf3 d5 2. e3 Nf6 3. b3 Bg4 4. Bb2 e6 5. Be2 Nbd7 6. d3 c6 7. h3 Bh5 8. g4 Bg6 9. Ne5 Nxe5 10. Bxe5 Bd6 11. Bb2 e5 12. Nd2 Qe7 13. g5 Nd7 14. h4 Bf5 15. Bh5 O-O 16. Bg4 Qe6 17. Bxf5 Qxf5 18.
Qf3 Qe6 19. Qh3 Qxh3 20. Rxh3 a5 21. a3 a4 22. b4 c5 23. b5 f5 24. gxf6 gxf6 25.
c4 Nb6 26. cxd5 Nxd5 27. Nc4 Be7 28. h5 Kf7 29. Ke2 Rg8 30. Rd1 Ke6 31. Kf3 Rg7 32.
Rhh1 Rag8 33. d4 cxd4 34. exd4 Rg4 35. Ne3 e4+ 36. Ke2 Nxe3 37. Kxe3 Kd5 38. Rc1 Bd6 39. Ke2 f5 40. Rc3 f4 41. Kd1 Rg1+ 42. Rxg1 Rxg1+ 43. Kc2 Rg2 44. Rc8 Rxf2+ 45. Kc1 e3 46. Bc3 e2 47. Kd2 f3 48. Re8 Rf1 49. Kc2 Bg3 50.
Bd2 e1=Q 51. Bxe1 Rxe1 52. Rf8 f2 53. Rf5+ Ke4 54. Rf8 f1=Q 55. Rxf1 Rxf1 56. d5 Rf5 57. b6 Rxd5 58. h6 Rd6 59. Kc3 Rxb6 60. Kc4 Rxh6 61. Kb5 Rc6 62. Kb4 Kd4 63. Kb5 Kd3 64. Ka5 Rc4 65. Kb5 Rc3 66. Ka5 Rxa3 67. Kb4 Rb3+ 68. Ka5 Rb1 69. Kxa4 Kc4 70. Ka3 Bb8 71. Ka2 Rb6 72. Ka3 Rb5 73. Ka4 Bc7 74. Ka3 Rb6 75. Ka2 Kc3 76. Ka1 Kc2 77. Ka2 Ra6# 0-1

[Event "Late-Titled-Tuesday-Blitz-June-18-2024"]
[Site "Chess.com"]
[Date "2024.06.18"]
[Round "7"]
[White "Zurability"]
[Black "jcibarra"]
[Result "1/2-1/2"]
[WhiteElo "2816"]
[BlackElo "3009"]
[TimeControl "180+1"]
[EndTime "15:21:12 PDT"]
[Termination "Game drawn by repetition"]

1. e4 c5 2. Nf3 Nc6 3. Bb5 e6 4. O-O Nd4 5. Nxd4 cxd4 6. c3 a6 7. Ba4 Bc5 8. Qg4 Qf6 9. b4 Ba7 10. Bb2 Ne7 11. Na3 b5 12. Bb3 Nc6 13. Nc2 d3 14.
Ne3 Bb7 15. Qg3 Ne7 16. e5 Qg6 17. a4 O-O 18. c4 Nc6 19. axb5 axb5 20. cxb5 Nd4 21.
Qxg6 fxg6 22. Bc4 Nc2 23. Nxc2 dxc2 24. Bd3 Bb6 25. Bxc2 Rxa1 26. Bxa1 Bd5 27. Bc3 Bc4 28. d3 Bxb5 29. Bd2 Bd4 30. Be3 Bxe5 31. Rd1 Rc8 32. Bb1 Bd6 33. Bd2 Ba4 34. Re1 Bb5 35. g3 Ra8 36.
Rc1 Bc6 37. Bc2 Ra2 38. Bc3 Ra3 39. Bd1 Ra2 40. Kf1 g5 41. Ke1 g6 42. Bd2 h5 43.
Bxg5 Bxb4+ 44. Kf1 Bd6 45. Be3 Kf7 46. Bb3 Rb2 47. Bd1 Bd5 48. h4 Ra2 49. Rc2 Ra1 50. Ke2 Ra3 51. Rb2 Ra1 52. Rd2 Ke7 53. Bd4 Rb1 54. Bc2 Rc1 55. Be3 Rh1 56. Bg5+ Kf7 57.
Rd1 Rxd1 58. Bxd1 Bc6 59. Be3 Be5 60. Bb3 Bf6 61. Bc4 Ke7 62. Bc5+ d6 63. Ba3 Kd7 64.
Ke3 Bc3 65. Ke2 Bd4 66. Bc1 d5 67. Bb3 Bb5 68. Be3 Bf6 69. Kd2 Kd6 70. d4 e5 71.
dxe5+ Bxe5 72. Bc2 d4 73. Bg5 Be8 74. Be4 Bf7 75.
Bh6 Kc5 76. Bf8+ Bd6 77. Bg7 Bc7 78. Kd3 Bc4+ 79. Kc2 Bf7 80. Kd3 Bc4+ 81. Kd2 Bf7 82. Bf8+ Bd6 83. Bg7 Bc7 1/2-1/2

[Event "Late-Titled-Tuesday-Blitz-June-18-2024"]
[Site "Chess.com"]
[Date "2024.06.18"]
[Round "7"]
[White "Heliosis11"]
[Black "lluiss"]
[Result "1-0"]
[WhiteElo "2431"]
[BlackElo "2263"]
[TimeControl "180+1"]
[EndTime "15:21:15 PDT"]
[Termination "Heliosis11 won on time"]

1. e4 c5 2. Nf3 d6 3. Bb5+ Bd7 4. Bxd7+ Nxd7 5. O-O Ngf6 6. d3 e5 7. Ng5 Be7 8. f4 exf4 9. Bxf4 O-O 10. Nd2 Ne5 11.
Ndf3 Nxf3+ 12. Nxf3 Nh5 13. Be3 g6 14. Qd2 Bf6 15.
c3 Re8 16. Ng5 Rf8 17. d4 cxd4 18. cxd4 Rc8 19. Rad1 Bg7 20. Qe2 h6 21. Nf3 Nf6 22.
e5 Nd5 23. Bc1 Qb6 24. e6 Rce8 25. exf7+ Kxf7 26. Ne5+ Kg8 27. Rxf8+ Bxf8 28. Qe4 dxe5 29. Qxd5+ Kh7 30. Be3 Qf6 31. Qxb7+ Re7 32. Qd5 exd4 33. Bxd4 Qf7 34. Qxf7+ Rxf7 35. Re1 Rb7 36. b3 Bg7 37. Bxg7 Kxg7 38. Re4 Kf6 39. Ra4 h5 40. Ra6+ Kf5 41. h3 Re7 42. Kf2 h4 43. Ra4 g5 44. Kf3 Rd7 45. Ra5+ Kg6 46. Ra6+ Kf5 47. Ra5+ Kg6 48. Ke3 Kh5 49. Re5 Rf7 50. a4 Rb7 51. Rb5 Re7+ 52. Kf3 Rd7 53. a5 Rf7+ 54. Ke3 Rc7 55. a6 Rc3+ 56.
Kd2 Rg3 57. Rb7 Rxg2+ 58. Ke1 Rb2 59. Rxa7 Rxb3 60. Rb7 Ra3 61. a7 Kg6 62. Kd2 Kf5 63. Kc2 Kf4 64. Kb2 Ra6 65. Kb3 Kg3 66. Kb4 Kxh3 67.
Kc3 Ra1 68. Kd4 g4 69. Ke4 g3 70. Kf3 Ra3+ 71. Kf4 g2 72. Rb3+ Rxb3 73. a8=Q g1=Q 74. Qc8+ Kh2 75. Qc2+ Qg2 76. Qd1 1-0

[Event "Late-Titled-Tuesday-Blitz-June-18-2024"]
[Site "Chess.com"]
[Date "2024.06.18"]
[Round "7"]
[White "ansko1999"]
[Black "KNVB"]
[Result "0-1"]
[WhiteElo "2599"]
[BlackElo "2787"]
[TimeControl "180+1"]
[EndTime "15:21:22 PDT"]
[Termination "KNVB won by resignation"]

1. b3 e5 2. Bb2 Nc6 3. e4 Nf6 4.
Nc3 Bc5 5. Qe2 Nd4 6. Qd1 d5 7. exd5 Bf5 8. d3 Nxd5 9. Nxd5 Qxd5 10. Ne2 O-O-O 11. Ng3 Bg6 12. Qd2 Rhe8 13. O-O-O f5 14.
Kb1 Kb8 15. f3 Re6 16. h4 h5 17. Qg5 Be7 18. Qd2 Rc6 19. Rc1 Bf6 20. Be2 Bf7 21. f4 e4 22. dxe4 fxe4 23. Rhd1 Nxe2 24. Qxe2 Qc5 25.
Nxe4 Qf8 26. Nxf6 gxf6 27. Rxd8+ Qxd8 28. Rd1 Rd6 29. Re1 b6 30. Bc1 Bg6 31. Qe7 Qxe7 32. Rxe7 Rc6 33. Re2 Kc8 34. Bb2 Kd7 35. g3 Rd6 36.
Kc1 Rc6 37. Rd2+ Ke7 38. Re2+ Kf7 39. Bd4 Rd6 40. Bc3 c5 41. a4 Bf5 42. Rd2 Re6 43.
Rd7+ Kg6 44. Rxa7 Re3 45. Bd2 Rxg3 46. Rb7 Rg1+ 47. Kb2 Rg2 48. Kc3 Rg3+ 49. Kb2 Rg2 50. Kc1 Rh2 51. Rxb6 Rxh4 52. Bc3 Be4 53. Rxf6+ Kh7 54.
Rf7+ Kh6 55. Rf6+ Kh7 56. Re6 Rh1+ 57. Kd2 Bf5 58. Rf6 Rh2+ 59. Ke3 Bxc2 60. a5 Rh3+ 61. Kd2 Bxb3 62. a6 Rh2+ 63. Ke3 Ra2 64. a7 Rxa7 65.
Rc6 Re7+ 66. Be5 h4 67. Rxc5 h3 68. Rc1 Be6 69. Rh1 Kg6 70. Rg1+ Kh6 71. Bf6 Rb7 72. Bg5+ Kh5 73. Bf6 Bg4 74. Rg3 Rb3+ 75. Kf2 Rb6 76.
Kg1 Rxf6 77. Kh2 Rxf4 78. Rc3 Rf2+ 79. Kg3 Rg2+ 80. Kf4 Kh4 81. Rc8 Rf2+ 82. Ke3 Rf3+ 83. Ke4 Bxc8 84. Kxf3 Bb7+ 85. Kf2 h2 86. Ke3 h1=Q 87.
Kd4 Qd5+ 0-1

[Event "Late-Titled-Tuesday-Blitz-June-18-2024"]
[Site "Chess.com"]
[Date "2024.06.18"]
[Round "7"]
[White "Giantgoogachess"]
[Black "HamedWafa4"]
[Result "1/2-1/2"]
[WhiteElo "2507"]
[BlackElo "2656"]
[TimeControl "180+1"]
[EndTime "15:21:22 PDT"]
[Termination "Game drawn by repetition"]

1. d4 Nf6 2. c4 e6 3. Nc3 Bb4 4. e3 O-O 5. Bd2 b6 6. Bd3 Bb7 7.
Nf3 c5 8. O-O cxd4 9. exd4 d5 10. cxd5 exd5 11. Bg5 h6 12. Bh4 Be7 13. Re1 Nbd7 14.
Ne5 Nxe5 15. Rxe5 Re8 16. Qf3 Ne4 17. Bxe7 Rxe7 18. Nxe4 dxe4 19. Bxe4 Bxe4 20. Qxe4 Rxe5 21. dxe5 Qe8 22. g3 Rd8 23. Re1 Qe6 24. a3 g6 25.
Kg2 h5 26. h4 Rd2 27. Re2 Rd5 28. Qf4 Qc6 29. e6 fxe6 30. Kh2 Rf5 31. Qb8+ Rf8 32.
Qxa7 Qc4 33. Rd2 Qc5 34. Kg2 Qc6+ 35. Kh2 Qc5 36. f4 e5 37. Qd7 exf4 38. Qe6+ Kh8 39.
Qxg6 fxg3+ 40. Qxg3 Qf5 41. Qc3+ Qf6 42. Rd5 Qxc3 43. Rxh5+ Kg7 44. bxc3 Rf2+ 45. Kg3 Rc2 46. Rb5 Rxc3+ 47. Kg4 Rxa3 48. Rxb6 Ra4+ 49. Kg5 Ra5+ 50.
Kg4 Ra4+ 51. Kg3 Ra3+ 52. Kf2 Ra2+ 53. Ke3 Ra3+ 54. Ke2 Ra2+ 55. Kf1 Ra4 56. Kg2 Rxh4 57. Kg3 Ra4 58. Re6 Kf7 59. Re3 Kf6 60. Rf3+ Kg5 61. Re3 Rg4+ 62. Kf3 Rb4 63. Kg3 Kf5 64. Kf3 Rf4+ 65. Kg3 Rg4+ 66. Kh3 Rg8 67. Rf3+ Ke4 68.
Rf7 Rh8+ 69. Kg2 Rg8+ 70. Kh2 Rg5 71. Rf8 Ke3 72. Kh3 Rg7 73. Kh4 Rh7+ 74. Kg4 Rh1 75. Kg3 Rg1+ 76. Kh2 Rg7 77. Kh3 Ke4 78. Kh2 Ke5 79.
Kh1 Ke6 80. Rf2 Ke5 81. Kh2 Ke4 82. Rf8 Ke5 83. Kh3 Rh7+ 84. Kg2 Rg7+ 85. Kh2 Ke6 86.
Rf3 Kd6 87. Rf4 Rg5 88. Rf3 Ke5 89. Rf8 Ke4 90. Rf7 Rh5+ 91. Kg2 Rg5+ 92. Kh2 Rg6 93. Rf8 Ke5 94. Rf7 Ke6 95. Rf4 Rg7 96. Rf1 Ke5 97.
Rf2 Ke4 98. Rf8 1/2-1/2

[Event "Late-Titled-Tuesday-Blitz-June-18-2024"]
[Site "Chess.com"]
[Date "2024.06.18"]
[Round "7"]
[White "jup1978"]
[Black "Chessbard1972"]
[Result "0-1"]
[WhiteElo "2435"]
[BlackElo "2301"]
[TimeControl "180+1"]
[EndTime "15:21:35 PDT"]
[Termination "Chessbard1972 won by resignation"]

1. e4 c5 2. Nf3 a6 3. g3 e6 4.
Bg2 Nc6 5. O-O b5 6. d4 cxd4 7. Nxd4 Bb7 8. a4 b4 9. Re1 Bc5 10. Nb3 Ba7 11. Be3 Bxe3 12. Rxe3 Nf6 13. Rd3 Qc7 14.
N1d2 Ne5 15. Re3 Nfg4 16. Re2 O-O 17. h3 Nf6 18. f4 Nc4 19. Kh2 Nxb2 20. Qg1 Nc4 21. e5 Nd5 22. Qd4 Nxd2 23. Rxd2 Nc3 24. Qxb4 Bxg2 25. Kxg2 Nd5 26. Qd4 Rac8 27. Rc1 Qc3 28.
Qxc3 Rxc3 29. Nd4 Rb8 30. Rd3 Rc4 31. Rcd1 Rxa4 32. Nf5 Rc4 33. R1d2 Rb2 34. Nd4 g6 35. Ra3 Nb4 36. Kf3 Kf8 37. Ra4 Ke7 38. h4 Rc3+ 39. Kg4 Nxc2 40. Nxc2 Rbxc2 41. Rxc2 Rxc2 42. Rxa6 Rc6 43. Ra8 h5+ 44. Kf3 Rc3+ 45. Kf2 Rd3 46. Rb8 f6 47. exf6+ Kxf6 48. Rf8+ Ke7 49. Rg8 Kf7 50. Rd8 d5 51. Rc8 Kf6 52. Rf8+ Ke7 53. Rg8 Kf7 54.
Rd8 d4 55. Rc8 Ke7 56. Rg8 Kf7 57. Rd8 Ke7 58. Rg8 Kf7 59. Rc8 Rc3 60. Rd8 d3 61. Ke3 d2+ 62. Kxd2 Rxg3 63. Ke2 Ke7 64. Rg8 Kf7 65. Rd8 Rg4 66. Kf3 Rxh4 67. Kg3 Rg4+ 68. Kf3 Rg1 69. Rh8 Kg7 70. Re8 h4 71. Rb8 Kh6 72.
Rb7 h3 73. Rb2 Kh5 74. Rh2 Kh4 75. Ke4 Rf1 76. Ke3 Kg3 77. Rd2 h2 78. Rd6 h1=Q 79. Rxe6 Qf3+ 80. Kd4 Qxf4+ 81. Kd5 Rd1+ 82. Kc6 Qf5 83. Re8 Qe6+ 84. Rxe6 g5 85. Kc5 g4 86. Kc4 Kg2 87. Kc3 Rd8 88. Kc2 g3 89. Rf6 Kg1 90. Rf7 g2 91. Rf6 Rd4 92. Rh6 Kf2 93. Rf6+ Kg3 94. Rg6+ Rg4 95. Rd6 g1=Q 96. Rd3+ Kh2 97. Kc3 Qg2 98. Kb3 Rg3 99. Rxg3 Qxg3+ 0-1

[Event "Late-Titled-Tuesday-Blitz-June-18-2024"]
[Site "Chess.com"]
[Date "2024.06.18"]
[Round "8"]
[White "KaydenTroffChess"]
[Black "reevecanada"]
[Result "1-0"]
[WhiteElo "2806"]
[BlackElo "2626"]
[TimeControl "180+1"]
[EndTime "15:24:05 PDT"]
[Termination "KaydenTroffChess won by checkmate"]

1. d4 Nf6 2. Nf3 b6 3. Bf4 Bb7 4. Nbd2 e6 5. e3 c5 6. Nc4 d5 7.
Nce5 a6 8. Ng5 Qe7 9. Nexf7 Qxf7 10. Nxf7 Kxf7 11. c3 Nbd7 12. Bd3 Be7 13. O-O Rhf8 14. Qf3 Kg8 15. Qh3 Kf7 16. f3 h6 17. Rae1 cxd4 18. exd4 Rfe8 19. Qxe6+ Kf8 20. Bg6 Ne5 21. Rxe5 Bc8 22.
Qf7# 1-0

[Event "Late-Titled-Tuesday-Blitz-June-18-2024"]
[Site "Chess.com"]
[Date "2024.06.18"]
[Round "8"]
[White "Crazy_girl99"]
[Black "Andrei_Skvortsov"]
[Result "1-0"]
[WhiteElo "2648"]
[BlackElo "2760"]
[TimeControl "180+1"]
[EndTime "15:24:07 PDT"]
[Termination "Crazy_girl99 won by resignation"]

1. e4 d5 2. exd5 Qxd5 3. Nc3 Qe5+ 4. Be2 Bg4 5. f3 Bd7 6. d4 Qa5 7. Bd2 Nf6 8. Bc4 Qh5 9. Qe2 Nc6 10. d5 Nd4 11.
Qd3 Qe5+ 12. Nge2 Nxe2 13. Nxe2 c6 14. dxc6 Bxc6 15. O-O-O Rd8 16. Qxd8+ Kxd8 17. Ba5+ 1-0

[Event "Late-Titled-Tuesday-Blitz-June-18-2024"]
[Site "Chess.com"]
[Date "2024.06.18"]
[Round "8"]
[White "Millerkallpa"]
[Black "EternalNight8"]
[Result "0-1"]
[WhiteElo "2206"]
[BlackElo "2397"]
[TimeControl "180+1"]
[EndTime "15:24:44 PDT"]
[Termination "EternalNight8 won by resignation"]

1. e4 c5 2. Nf3 d6 3. d4 cxd4 4. Nxd4 Nf6 5. Nc3 Nc6 6. Bg5 Bd7 7. Qd2 Rc8 8. O-O-O Nxd4 9. Qxd4 Qa5 10. f4 h6 11.
Bxf6 gxf6 12. Kb1 Qc5 13. Qd2 f5 14. Bd3 Bg7 15. exf5 Qb4 16. Ka1 Rxc3 17. bxc3 Bxc3+ 0-1

[Event "Late-Titled-Tuesday-Blitz-June-18-2024"]
[Site "Chess.com"]
[Date "2024.06.18"]
[Round "8"]
[White "canhhuan"]
[Black "rychessmaster1"]
[Result "1-0"]
[WhiteElo "2531"]
[BlackElo "2741"]
[TimeControl "180+1"]
[EndTime "15:25:09 PDT"]
[Termination "canhhuan won by resignation"]

1. e4 c6 2. Nf3 d5 3. exd5 cxd5 4. d4 Nc6 5. Bd3 Bg4 6. O-O e6 7. Be3 Bd6 8. Nbd2 Nge7 9. c3 O-O 10. Bxh7+ Kh8 11. Bd3 Qc7 12. h3 Bh5 13. a3 Rad8 14.
Qc2 e5 15. dxe5 Nxe5 16. Nxe5 Bxe5 17. Rfe1 Rfe8 18. Qa4 Bg6 19. Bxg6 Nxg6 20. Nf3 b6 21. Rad1 Kg8 22. Rxd5 Nf4 23. Bxf4 1-0

[Event "Late-Titled-Tuesday-Blitz-June-18-2024"]
[Site "Chess.com"]
[Date "2024.06.18"]
[Round "8"]
[White "Fandorine"]
[Black "GothamChess"]
[Result "1-0"]
[WhiteElo "2922"]
[BlackElo "2722"]
[TimeControl "180+1"]
[EndTime "15:25:16 PDT"]
[Termination "Fandorine won by resignation"]

1. e4 d5 2. exd5 Qxd5 3. Nc3 Qd6 4. d4 Nf6 5. Nf3 g6 6. Nb5 Qb6 7. a4 c6 8. Na3 Bg7 9. Nc4 Qd8 10. Be2 O-O 11. O-O Bf5 12. Re1 Nbd7 13. h3 Nb6 14. Nce5 Nfd7 15. a5 Nd5 16. a6 Nxe5 17. Nxe5 Qc7 18.
axb7 Qxb7 19. c3 Qc7 20. Bf3 Rfd8 21. Qa4 Bd7 22. Nxd7 Qxd7 23. Bg5 Bf6 24. Bxf6 exf6 25. Qc4 a5 26. Qc5 Qd6 27. Re8+ 1-0

[Event "Late-Titled-Tuesday-Blitz-June-18-2024"]
[Site "Chess.com"]
[Date "2024.06.18"]
[Round "8"]
[White "Adar_07"]
[Black "EmmaChess"]
[Result "0-1"]
[WhiteElo "2802"]
[BlackElo "2656"]
[TimeControl "180+1"]
[EndTime "15:25:24 PDT"]
[Termination "EmmaChess won by resignation"]

1. e4 d6 2. d4 Nf6 3. Nc3 e5 4.
dxe5 dxe5 5. Qxd8+ Kxd8 6. Bg5 Be6 7. f4 exf4 8. e5 h6 9. Bxf4 Nh5 10. Be3 Nd7 11.
Nf3 Bc5 12. Bxc5 Nxc5 13. O-O-O+ Ke7 14. Nd5+ Bxd5 15. Rxd5 Ne6 16. g3 Rad8 17. Rb5 b6 18.
Be2 g6 19. a4 Nhg7 20. c3 Nf5 21. a5 c6 22. Rb4 b5 23. c4 a6 24. cxb5 cxb5 25. Rd1 Rxd1+ 26. Kxd1 Rd8+ 27. Ke1 Nfd4 28. Kf2 Nc6 29. Rb3 Nc5 30. Rc3 Ne4+ 0-1

[Event "Late-Titled-Tuesday-Blitz-June-18-2024"]
[Site "Chess.com"]
[Date "2024.06.18"]
[Round "8"]
[White "PapaieDudu"]
[Black "WindWhistler11"]
[Result "1-0"]
[WhiteElo "2385"]
[BlackElo "2504"]
[TimeControl "180+1"]
[EndTime "15:25:28 PDT"]
[Termination "PapaieDudu won by resignation"]

1. Nf3 Nf6 2. d4 d6 3. c4 Nbd7 4. Nc3 g6 5. e3 Bg7 6. Be2 c5 7.
O-O O-O 8. Re1 a6 9. b3 Rb8 10. Bb2 Ne8 11. d5 Nc7 12. Rc1 b5 13. Ba1 bxc4 14. Bxc4 Nb5 15. Nxb5 axb5 16. Bxg7 Kxg7 17. Bd3 Qa5 18. Bb1 Ba6 19. e4 f6 20. Nd2 Rfc8 21.
f4 c4 22. bxc4 bxc4 23. Qg4 Rc7 24. Nf3 Rb2 25. Nd4 Nc5 26. e5 Qd2 27. Rcd1 Qf2+ 28.
Kh1 h5 29. Qxg6+ Kf8 30. Ne6+ Nxe6 31. dxe6 1-0

[Event "Late-Titled-Tuesday-Blitz-June-18-2024"]
[Site "Chess.com"]
[Date "2024.06.18"]
[Round "8"]
[White "Barboval"]
[Black "Stanbad1"]
[Result "1-0"]
[WhiteElo "2553"]
[BlackElo "2679"]
[TimeControl "180+1"]
[EndTime "15:25:35 PDT"]
[Termination "Barboval won by checkmate"]

1. d4 Nf6 2. Bg5 g6 3. Nc3 Bg7 4. e4 d6 5. Qd2 Nbd7 6. O-O-O h6 7. Bf4 g5 8. Be3 Ng4 9. h4 Nxe3 10. Qxe3 gxh4 11.
Nf3 c5 12. dxc5 Nxc5 13. e5 Kf8 14. Qxc5 Bg4 15. exd6 exd6 16. Qxd6+ Qxd6 17. Rxd6 h3 18. Rd3 hxg2 19. Bxg2 h5 20. Bh3 f5 21. Bxg4 hxg4 22.
Rxh8+ Bxh8 23. Nh4 Kf7 24. Nxf5 Kg6 25. Ne3 Kg5 26. Rd5+ Kh4 27. Ne4 Rf8 28. Rf5 Re8 29. Ng3 Rxe3 30. Rh5# 1-0

[Event "Late-Titled-Tuesday-Blitz-June-18-2024"]
[Site "Chess.com"]
[Date "2024.06.18"]
[Round "8"]
[White "BardArtem"]
[Black "karinachess1"]
[Result "1-0"]
[WhiteElo "2861"]
[BlackElo "2673"]
[TimeControl "180+1"]
[EndTime "15:25:46 PDT"]
[Termination "BardArtem won by resignation"]

1. e4 e5 2. Nf3 Nc6 3. Nc3 Nf6 4. a4 Be7 5. d4 exd4 6. Nxd4 Bb4 7. Nxc6 bxc6 8. Bd3 O-O 9. O-O d5 10. exd5 cxd5 11.
h3 c6 12. Qf3 Rb8 13. Ne2 Bd6 14. b3 Re8 15. Bf4 Rb4 16. Bd2 Rb7 17. Bc3 Be5 18. Bxe5 Rxe5 19. Rfe1 Rbe7 20. Red1 h6 21. c4 Qb6 22.
Rac1 Bb7 23. c5 Qb4 24. Nd4 Re1+ 25. Rxe1 Rxe1+ 26. Rxe1 Qxe1+ 27. Kh2 Qe5+ 28. Qg3 Qxd4 29. Qb8+ 1-0

[Event "Late-Titled-Tuesday-Blitz-June-18-2024"]
[Site "Chess.com"]
[Date "2024.06.18"]
[Round "8"]
[White "nitpicker"]
[Black "Road2GM3000"]
[Result "1-0"]
[WhiteElo "2354"]
[BlackElo "2441"]
[TimeControl "180+1"]
[EndTime "15:25:54 PDT"]
[Termination "nitpicker won by resignation"]

1. d4 d6 2. e4 Nf6 3. Nc3 g6 4. h3 Bg7 5. Nge2 O-O 6. g4 c5 7. Be3 c4 8. Bg2 Nc6 9. d5 Ne5 10.
f4 Nexg4 11. hxg4 Nxg4 12. Bd4 e5 13. dxe6 fxe6 14. Bxg7 Kxg7 15. Qd4+ e5 16. fxe5 Qg5 17. exd6+ Kg8 18. Qd5+ Qxd5 19. Nxd5 Be6 20. Nc7 Ne3 21. Nxe6 Nxg2+ 22. Kd2 Rf6 23. N2d4 Re8 24. d7 Rfxe6 25. Nxe6 1-0

[Event "Late-Titled-Tuesday-Blitz-June-18-2024"]
[Site "Chess.com"]
[Date "2024.06.18"]
[Round "8"]
[White "Journey_to_GrandMaster_YT"]
[Black "Giantgoogachess"]
[Result "1-0"]
[WhiteElo "2627"]
[BlackElo "2502"]
[TimeControl "180+1"]
[EndTime "15:26:11 PDT"]
[Termination "Journey_to_GrandMaster_YT won by resignation"]

1. d4 Nf6 2. Nf3 g6 3. g3 Bg7 4.
Bg2 O-O 5. O-O d6 6. b3 b6 7. Ne1 c6 8. e4 Bb7 9. Bb2 Nfd7 10.
Nd3 c5 11. d5 Bxb2 12. Nxb2 b5 13. c4 b4 14. Nd2 a5 15. f4 e5 16. f5 Kg7 17.
Nf3 Na6 18. h4 Nc7 19. g4 h6 20. Qd2 Bc8 21. Rf2 Nb6 22. Raf1 Bd7 23. Nd3 g5 24. hxg5 hxg5 25. Nfxe5 dxe5 26. f6+ Kg6 27. Nxe5+ Kh6 28. Rf3 1-0

[Event "Late-Titled-Tuesday-Blitz-June-18-2024"]
[Site "Chess.com"]
[Date "2024.06.18"]
[Round "8"]
[White "Rsnr"]
[Black "edgarhay012"]
[Result "0-1"]
[WhiteElo "2889"]
[BlackElo "2730"]
[TimeControl "180+1"]
[EndTime "15:26:18 PDT"]
[Termination "edgarhay012 won by resignation"]

1. d4 Nf6 2. c4 e6 3. Nf3 d5 4.
g3 c5 5. cxd5 exd5 6. Bg2 Nc6 7.
O-O Be7 8. dxc5 Bxc5 9. a3 O-O 10. b4 Be7 11. Nc3 d4 12. Nb5 Ne4 13. Nfxd4 Nxd4 14. Qxd4 Bf6 15. Qxd8 Rxd8 16. Ra2 Bf5 17. f3 Nc3 18. Nxc3 Bxc3 19. e4 Be6 20. Rc2 Bd4+ 21. Kh1 Rac8 22.
Rxc8 Rxc8 23. Rd1 Bb3 24. Rxd4 Rxc1+ 25. Bf1 Rxf1+ 26. Kg2 Rd1 27. Rxd1 Bxd1 28. f4 Kf8 29. Kf2 Ke7 30. Ke3 f6 31. Kd4 Kd6 32. h4 h5 33.
Kc4 Be2+ 34. Kd4 Bb5 35. Ke3 Ke6 36. Kd4 f5 37. e5 b6 0-1

[Event "Late-Titled-Tuesday-Blitz-June-18-2024"]
[Site "Chess.com"]
[Date "2024.06.18"]
[Round "8"]
[White "ManMish2"]
[Black "Hakiki_satranc"]
[Result "1-0"]
[WhiteElo "2629"]
[BlackElo "2428"]
[TimeControl "180+1"]
[EndTime "15:26:22 PDT"]
[Termination "ManMish2 won by resignation"]

1. e4 a6 2. d4 d5 3. exd5 Qxd5 4.
Nc3 Qd8 5. Nf3 Nf6 6. a4 g6 7.
Bc4 Bg7 8. O-O O-O 9. Bf4 Nc6 10. d5 Nb4 11. Qd2 b6 12. Rad1 Bb7 13. Rfe1 Qd7 14. Bh6 Rad8 15. Bxg7 Kxg7 16. Re5 e6 17. dxe6 Qxd2 18.
Rxd2 Bxf3 19. Rxd8 Rxd8 20. gxf3 fxe6 21. Rxe6 Nxc2 22.
Re7+ Kh6 23. Rxc7 Rd1+ 24. Nxd1 1-0